 Dungeon Crawl Stone Soup version bcrawl-1.40.3 (webtiles) character file.

Game seed: 8265805221815177883

153862 Queen the Ruffian (level 3, -6/28 HPs)
             Began as a Draconian Transmuter on Nov 21, 2023.
             Mangled by an iguana (13 damage)
             ... on level 2 of the Dungeon.
             The game lasted 00:02:05 (785 turns).

Queen the Ruffian (Draconian Transmuter)             Turns: 785, Time: 00:02:05

Health: -6/28      AC:  5    Str: 12    XL:     3   Next: 46%
Magic:  5/6        EV: 12    Int: 14    God:
Gold:   129        SH:  0    Dex: 11    Spells: 1/6 levels left

rFire    . . .     GDR:     23%   - Fists (6.8)
rCold    . . .     SeeInvis .   (no shield)
rNeg     . . .     Gourm    .   (armour unavailable)
rPois    .         Faith    .   (helmet currently unavailable)
rElec    .         Spirit   .   (no cloak)
rCorr    .         Reflect  .   (no gloves)
MR       .....                  (no boots)
Stlth    +.........             (no amulet)
HPRegen  0.14/turn              (no ring)
MPRegen  0.10/turn              (no ring)

@: appendage
A: unfitting armour, horns 3, cold-blooded, AC +5
a: End Transformation


You were on level 2 of the Dungeon.
You were not hungry.
You had grown temporary horns.
You visited 1 branch of the dungeon, and saw 2 of its levels.

You collected 129 gold pieces.

Inventory:

Missiles
 a - 269 arrows
Jewellery
 k - an uncursed ring of positive energy {unknown}
Scrolls
 g - a scroll of remove curse {unknown}
 i - 2 scrolls of identify {@r1}
 j - a scroll of fear {unknown}
Potions
 c - a potion of lignification
 d - a potion of mutation
 f - a potion of agility
 h - a potion of might
Comestibles
 b - 2 chunks of flesh
 e - 4 rations {!d}


   Skills:
 + Level 1.6 Fighting
 + Level 2.1 Dodging
 * Level 3.4 Unarmed Combat
 + Level 2.3 Spellcasting
 * Level 2.6 Transmutations


You had one spell level left.
You knew the following spells:

 Your Spells              Type           Power        Failure   Level  Hunger
p - Passwall              Tmut/Erth      #.......     21%         2    ##.....
q - Beastly Appendage     Tmut           #.....       8%          1    None
s - Sticks to Snakes      Tmut           #.......     12%         2    ##.....

Your spell library contained the following spells:

 Spells                   Type           Power        Failure   Level  Hunger
 Spider Form              Tmut/Pois      #..          38%         3    ####...
 Ice Form                 Ice/Tmut       #.......     80%         4    ######.
 Blade Hands              Tmut           #.........   91%         5    #######


Dungeon Overview and Level Annotations

Branches:
Dungeon (2/12)

Altars:
Fedhas


Innate Abilities, Weirdness & Mutations

Your plain brown scales are hard. (AC +5)
You cannot fit into any form of body armour.
You are cold-blooded and may be slowed by cold attacks.
You have a pair of large horns on your head.


Message History

The iguana hisses angrily.
An iguana is nearby!
An iguana is nearby!
An iguana is nearby!
Casting: Beastly Appendage (safe; 8% risk of failure)
Confirm with . or Enter, or press ? or * to list all spells.
You grow a pair of large bovine horns.
The iguana bites you!
You are too injured to fight recklessly!
You are too injured to fight recklessly!
You are too injured to fight recklessly!
You are too injured to fight recklessly!
You are too injured to fight recklessly!
You are too injured to fight recklessly!
You hit the iguana but do no damage. The iguana bites you!
* * * LOW HITPOINT WARNING * * *
You hit the iguana.
The iguana is lightly wounded.
The iguana bites you!
You die...

# .#. .#.# ## ##.. ...# ###
.###... #..####.# .##..#
#..##...# #### ..#.#
##..##.#.# #..# .)..#######
..#..##.#.# #..#
...^.......##.#.l#....# #..#
###.######..#.#.@#.#.####.##
###.### #.#.#..#.#.###..#
#....# #......#.#.##...#
#....## ##.....#...#..#.#
##†....# #.........#..##.#
.....#.# #.#.......#.###.#
.....#.# ##.###.....#.# #.#
##...#.# #..# #.÷...#.# #.#
#...#.###.## #.......# #.#


You could see an iguana.

Vanquished Creatures
  2 oozes
  4 dart slugs (D:1)
  A leopard gecko (D:2)
  5 bats (D:1)
  A giant cockroach (D:1)
  4 goblins (D:1)
  A hobgoblin (D:1)
  2 jackals (D:1)
  A quokka (D:2)
  2 frilled lizards (D:1)
  4 kobolds (D:2)
  2 rats (D:1)
29 creatures vanquished.

Notes
Turn   | Place    | Note
-------+----------+-------------------------------------------
     0 | D:1      | Queen the Draconian Transmuter began the quest for the Orb.
     0 | D:1      | Reached XP level 1. HP: 16/16 MP: 3/3
   159 | D:1      | Reached XP level 2. HP: 23/23 MP: 3/5
   484 | D:1      | Reached XP level 3. HP: 28/28 MP: 4/6
   608 | D:2      | Found a blossoming altar of Fedhas.
   684 | D:2      | Learned a level 2 spell: Sticks to Snakes
   687 | D:2      | Learned a level 2 spell: Passwall
   785 | D:2      | Mangled by an iguana

Skill      XL: |  1  2 |
---------------+-------+-----
Dodging        | 2 |  2.1
Fighting       | |  1.6
Unarmed Combat | |  3.4
Spellcasting   | |  2.3
Transmutations | |  2.6

Action                   || total
-------------------------++-------
Melee: Unarmed           ||    84
       Headbutt          ||     3
       Kick              ||    10
       Tailslap          ||     6
       Punch             ||     1
 Cast: Beastly Appendage ||    21
  Use: Scroll            ||     3
 Stab: Sleeping          ||     2
  Eat: Chunk             ||     2
Armor: Skin              ||    28
Dodge: Dodged            ||    61
